 Dungeon Crawl Stone Soup version 0.21-a0-450-gd87a9b2 (webtiles) character file.

23 slep the Skirmisher (level 2, 0/24 HPs)
             Began as a Demonspawn Monk on Nov 20, 2017.
             Succumbed to an adder's poison
             ... on level 1 of the Dungeon.
             The game lasted 00:02:28 (929 turns).

slep the Skirmisher (Demonspawn Monk)                Turns: 929, Time: 00:02:32

Health: 0/24       AC:  8    Str: 11    XL:     2   Next: 75%
Magic:  2/2        EV:  5    Int: 11    God:
Gold:   43         SH:  0    Dex: 15    Spells: 1/1 levels left

rFire    + . .     SeeInvis .   a - +0 falchion
rCold    x . .     Gourm    .   (no shield)
rNeg     . . .     Faith    .   f - +0 chain mail
rPois    .         Spirit   .   (no helmet)
rElec    .         Reflect  .   (no cloak)
rCorr    .         Harm     .   (no gloves)
MR       .....                  (no boots)
Stlth    ..........             (no amulet)
HPRegen  0.08/turn              k - ring of stealth
MPRegen  0.08/turn              m - ring of fire

@: lethally poisoned (0 -> -8)
A: powered by death 1
a: no special abilities


You were on level 1 of the Dungeon.
You were not hungry.

You visited 1 branch of the dungeon, and saw 2 of its levels.

You collected 43 gold pieces.

Inventory:

Hand Weapons
 a - a +0 falchion (weapon)
Missiles
 i - 4 tomahawks (quivered)
Armour
 b - a +0 robe
 f - a +0 chain mail (worn)
Jewellery
 k - a ring of stealth (left hand)
 m - a ring of fire (right hand)
Scrolls
 e - a scroll of teleportation {unknown}
 g - a scroll of blinking {unknown}
 j - a scroll of identify {unknown}
Potions
 d - a potion of curing {unknown}
 h - 2 potions of heal wounds {unknown}
 l - a potion of flight {unknown}
Comestibles
 c - a bread ration


   Skills:
 + Level 3.4 Fighting
 + Level 3.0 Long Blades
 + Level 0.5 Armour
 + Level 2.9 Dodging
 + Level 1.7 Stealth


You had one spell level left.
You didn't know any spells.

Dungeon Overview and Level Annotations

Branches:
Dungeon (2/15)

Altars:


Innate Abilities, Weirdness & Mutations

You regenerate a little health from kills.


Message History

You barely miss the adder.
The adder is moderately wounded.
You feel sick.
The adder barely misses you. x2; You riposte.
You closely miss the adder.
The adder is moderately wounded.
The worm barely misses you.
You hit the adder but do no damage.
The adder is moderately wounded.
You feel sick. The adder bites you. The adder bites you but does no damage.
You hit the adder.
The adder is heavily wounded.
The adder barely misses you. The worm bites you.
* * * LOW HITPOINT WARNING * * *
* * * LOW HITPOINT WARNING * * *
You feel sick. The adder bites you.
* * * LOW HITPOINT WARNING * * *
The worm bites you.
* * * LOW HITPOINT WARNING * * *
You climb upwards.
You die...

...###...# ##...#
#..# ##..# ##..#
##.# ##.# ##.#
####
############# #.#
.#
#.#.........###.#
.#
#.#########.....#
(# #.# #.##### .#
#.# #w# ## #.#
#@# #.# #S# #.#
#.# #.# #.# ####
#.# #.# ...###.#
###.## ###....#
#..#.# ####.###
#.#.## ..##.#
#.###


You could see a worm and an adder.

Vanquished Creatures
  2 giant cockroaches (D:1)
  3 goblins (D:1)
  3 hobgoblins (D:1)
  7 jackals (D:1)
  A bat (D:1)
  2 frilled lizards (D:1)
  A rat (D:2)
19 creatures vanquished.

Notes
Turn   | Place    | Note
-------+----------+-------------------------------------------
     0 | D:1      | slep the Demonspawn Monk began the quest for the Orb.
     0 | D:1      | Reached XP level 1. HP: 18/18 MP: 1/1
   150 | D:1      | Gained mutation: You regenerate a little health from kills. [demonic ancestry]
   150 | D:1      | Reached XP level 2. HP: 16/24 MP: 2/2
   928 | D:2      | HP: 1/24 [worm (3)]
   929 | D:1      | Succumbed to an adder's poison

Vault maps used:
D:1:      dpeg_arrival_triangle_fractal, moated_statue
D:2:      kennysheep_big_flooded_room

Skill      XL: |  1  2 |
---------------+-------+-----
Long Blades    | 3 |  3.0
Fighting       | |  3.4
Armour         | |  0.5
Dodging        | |  2.9
Stealth        | |  1.7

Action                   || total
-------------------------++-------
Melee: Falchion          ||    84
Throw: Tomahawk          ||     1
Armor: Chain mail        ||    61
Dodge: Dodged            ||    31
       Rpst.: Falchion   ||     9

Table legend:
 A = Spawn XP
 B = Non-spawn XP
 C = Spawn XP percentage of total XP
 D = Spawn monster count
 E = Non-spawn monster count
 F = Spawn count percentage of total count
 G = Total turns spent on level
                    A         B        C        D         E        F      G
               +---------+---------+-------+---------+---------+-------+---------
         Total |       0 |      34 |   0.0 |       0 |      19 |   0.0 |   929
               +---------+---------+-------+---------+---------+-------+---------
           D:1 |       0 |      33 |   0.0 |       0 |      18 |   0.0 |   918
           D:2 |       0 |       1 |   0.0 |       0 |       1 |   0.0 |    11
               +---------+---------+-------+---------+---------+-------+---------
